 Dungeon Crawl Stone Soup version 0.28.0-45-g0d030f2227 (webtiles) character file.

Game seed: 10389968353772749191

1368 Fartwhistle the Cudgeller (level 8, -12/51 HPs)
             Began as a Gargoyle Gladiator on May 31, 2022.
             Was a Believer of Uskayaw.
             Killed from afar by an acid dragon (19 damage)
             ... with a splash of acid
             ... on level 6 of the Dungeon.
             The game lasted 00:10:55 (6515 turns).

Fartwhistle the Cudgeller (Gargoyle Gladiator)      Turns: 6515, Time: 00:10:56

Health: -12/51     AC:  3    Str: 24    XL:     8   Next: 65%
Magic:  18/18      EV: 12    Int:  4    God:    Uskayaw [**....]
Gold:   287        SH:  0    Dex: 13    Spells: 7/7 levels left

rFire   . . .      SeeInvis .   i - +7 mace of Subterfuge {vorpal, rN+ Str+4 Int-5 Dex+2}
rCold   . . .      Faith    .   (no shield)
rNeg    + + +      Spirit   .   b - +0 leather armour
rPois   ∞          Reflect  .   c - +0 helmet
rElec   +          Harm     .   (no cloak)
rCorr   .          Rampage  .   m - +0 pair of gloves
Will    .....                   (no boots)
Stlth   +.........              (no amulet)
HPRegen 0.17/turn               u - ring of positive energy
MPRegen 0.16/turn               n - ring of magical power

@: corroded
A: sickness immunity, AC +5, negative energy resistance 1, electricity
resistance, torment resistance 1, petrification resistance
a: Renounce Religion, Stomp, Line Pass


You were on level 6 of the Dungeon.
You worshipped Uskayaw.
Uskayaw was noncommittal.
You visited 1 branch of the dungeon, and saw 6 of its levels.
You also visited: Sewer.

You collected 287 gold pieces.

Inventory:

Hand Weapons
 i - the +7 mace of Subterfuge (weapon) {vorpal, rN+ Str+4 Int-5 Dex+2}
   (You found it on level 2 of the Dungeon)

   It inflicts extra damage upon your enemies.
   Str:       It affects your strength (+4).
   Int:       It affects your intelligence (-5).
   Dex:       It affects your dexterity (+2).
   rN:        It protects you from negative energy.
Missiles
 d - 2 throwing nets (quivered)
Armour
 b - a +0 leather armour (worn)
 c - a +0 helmet (worn)
 m - a +0 pair of gloves (worn)
Jewellery
 n - a ring of magical power (right hand)
 u - a ring of positive energy (left hand)
 x - a ring of positive energy
 z - a ring of fire
Wands
 y - a wand of paralysis (10)
 A - a wand of acid (9)
Scrolls
 e - a scroll of immolation {unknown}
 h - 2 scrolls of noise {unknown}
 l - 2 scrolls of fear {unknown}
 p - 4 scrolls of teleportation {unknown}
 r - a scroll of holy word {unknown}
 s - a scroll of brand weapon {unknown}
 t - a scroll of identify
Potions
 a - a potion of invisibility
 f - a potion of magic
 g - 2 potions of flight
 j - 4 potions of curing {unknown}
 k - a potion of mutation {unknown}
 o - a potion of ambrosia
 q - 2 potions of attraction {unknown}
 v - a potion of degeneration {unknown}
 w - a potion of brilliance {unknown}


   Skills:
 + Level 5.9 Fighting
 + Level 7.2 Maces & Flails
 - Level 1.7 Throwing
 - Level 5.7 Armour
 - Level 2.4 Dodging
 + Level 1.7 Invocations
 + Level 1.3 Evocations


You had 7 spell levels left.
You didn't know any spells.
Your spell library contained the following spells:

 Spells                   Type           Power      Damage    Failure   Level
 Wereblood                Tmut           0%         N/A       67%         2
 Call Canine Familiar     Summ           0%         N/A       88%         3
 Portal Projectile        Hex/Tloc       0%         N/A       88%         3
 Leda's Liquefaction      Hex/Erth       0%         N/A       99%         4
 Summon Hydra             Summ           0%         N/A       100%        7
 Sublimation of Blood     Necr           Unusable   N/A       N/A         2

Dungeon Overview and Level Annotations

Branches:
Dungeon (6/15)             Temple (0/1) D:6           Sewer (visited)

Altars:
Hepliaklqana
Okawaru
Uskayaw

Shops:
D:2 *   D:4 (   D:5 [

Annotations:
D:3 1 runed translucent door, SHADDY's ghost, weakling OpTm


Innate Abilities, Weirdness & Mutations

You are immune to sickness and miasma.
Your stone body is resilient. (AC +5)
You are immune to poison.
You resist negative energy. (rN+)
You are resistant to electric shocks. (rElec)
You are resistant to unholy torment.
You are immune to petrification.


Message History

You sock the black bear!
You kill the black bear!
No target in view!
No target in view!
You see here a black bear corpse.
Found 13 bolts.
A - a wand of acid (9)
An acid dragon comes into view.
The acid dragon spits acid at you. The splash of acid hits you!
The acid corrodes you!
Found a ring mail.
Found a stone staircase leading down.
You hit the acid dragon. You punch the acid dragon.
The acid dragon is moderately wounded.
A sky beast comes into view.
The acid dragon bites you.
The acid dragon claws you but does no damage.
You hit the acid dragon.
The acid dragon is heavily wounded.
An ice beast comes into view.
The acid dragon closely misses you.
The acid dragon claws you but does no damage.
You thump the acid dragon!
The acid dragon is severely wounded.
The acid dragon barely misses you. The acid dragon claws you.
The sky beast flickers out of sight!
Deactivating autopickup; reactivate with Ctrl-A.
You can now pass through a line of other dancers.
You barely miss the acid dragon.
The acid dragon is severely wounded.
The acid dragon spits acid at you. The splash of acid hits you!!
Ouch! That really hurt!
* * * LOW HITPOINT WARNING * * *
The acid corrodes you!
You hear a shout! x2
A sky beast appears from thin air!
Reactivating autopickup.
The acid dragon spits acid at you. The splash of acid hits you!!
You die...

#.# ####.#####.#
#........# #.#
#..........#
########.. #.#
#.#####.#### ###
#.###...#
#.######
#.......#
#......#
###.#...#
#.####.#
#..##.#####.#
#.# #......^# #.
#.#####.@# # .
#..# .#####.D##
(.........#
.####..#Y#
...........#
.........Y....#
........$......#
..##..##.#......


You could see an acid dragon (catching breath), an ice beast and a sky beast.

Vanquished Creatures
  Sigmund (D:5)
  2 black bears (D:6)
  2 sky beasts (D:5)
  An ogre (D:4)
  2 phantoms (D:4)
  Blork the orc (D:5)
  A bullfrog (Sewer)
  A scorpion (D:5)
  A hound (D:4)
  2 orc priests (D:5)
  A centaur skeleton (D:4)
  An iguana (D:6)
  3 orc wizards
  9 adders
  A white imp (D:6)
  2 adder skeletons
  A worm (D:2)
  2 dart slugs
  9 orcs
  2 bats (D:3)
  8 endoplasms
  8 giant cockroaches
  7 goblins
  4 hobgoblins
  6 jackals
  11 quokkas
  12 ball pythons
  14 frilled lizards
  4 kobolds
  12 rats
  A bush (D:1)
132 creatures vanquished.

Vanquished Creatures (others)
  4 plants (D:1)
4 creatures vanquished.

Grand Total: 136 creatures vanquished

Notes
Turn   | Place    | Note
-------+----------+-------------------------------------------
     0 | D:1      | Fartwhistle the Gargoyle Gladiator began the quest for the
                  | Orb.
     0 | D:1      | Reached XP level 1. HP: 12/12 MP: 1/1
    24 | D:1      | Reached skill level 1 in Armour
   143 | D:1      | Reached XP level 2. HP: 17/17 MP: 2/2
   415 | D:1      | Found a faded altar of an unknown god.
   422 | D:1      | Prayed at the altar of an unknown god.
   422 | D:1      | Became a worshipper of Uskayaw the Reveller
   422 | D:1      | Reached * piety under Uskayaw
   494 | D:1      | Reached ** piety under Uskayaw
   506 | D:1      | Reached *** piety under Uskayaw
   799 | D:1      | Reached XP level 3. HP: 21/21 MP: 3/3
  1510 | D:2      | Identified the +7 mace of Subterfuge {vorpal, rN+ Str+4
                  | Int-5 Dex+2}
  1803 | D:2      | Found Kaqeoch's General Store.
  2232 | D:3      | Reached XP level 4. HP: 22/26 MP: 4/4
  2268 | D:3      | Found a hazy altar of Hepliaklqana.
  2379 | D:3      | Found a glowing drain.
  2406 | Sewer    | Entered a sewer
  2536 | Sewer    | Reached XP level 5. HP: 27/30 MP: 3/5
  2942 | Sewer    | Reached skill level 4 in Maces & Flails
  3232 | Sewer    | Reached skill level 5 in Armour
  3232 | Sewer    | Reached XP level 6. HP: 17/35 MP: 6/6
  3445 | D:3      | Found a runed translucent door.
  3741 | D:3      | Found an iron altar of Okawaru.
  4080 | D:3      | Noticed SHADDY's ghost (weakling OpTm)
  4330 | D:4      | Reached skill level 5 in Maces & Flails
  4671 | D:4      | Found Kaxtin's Antique Weapon Shop.
  4877 | D:4      | Reached XP level 7. HP: 40/40 MP: 7/7
  5097 | D:5      | Entered Level 5 of the Dungeon
  5153 | D:5      | Reached **** piety under Uskayaw
  5427 | D:5      | Reached skill level 6 in Maces & Flails
  5471 | D:5      | Noticed Blork the orc
  5483 | D:5      | Killed Blork the orc
  5492 | D:5      | Reached XP level 8. HP: 41/48 MP: 8/8
  5933 | D:5      | Found Vahagn's Dragon-Slaying Spoils.
  5977 | D:5      | Noticed Sigmund
  5988 | D:5      | Killed Sigmund
  5989 | D:5      | Reached skill level 5 in Fighting
  5989 | D:5      | Reached skill level 7 in Maces & Flails
  6164 | D:5      | Found a hide-covered altar of Uskayaw.
  6312 | D:6      | Found a staircase to the Ecumenical Temple.
  6397 | D:6      | Reached skill level 1 in Invocations
  6397 | D:6      | Reached skill level 1 in Evocations
  6515 | D:6      | Killed from afar by an acid dragon

Illustrated notes

Levels and vault maps discovered:
D:1:      dpeg_arrival_prison, layout_loops_ring, serial_forest,
          infiniplex_forest_lined_room_, infiniplex_forest_split,
          infiniplex_forest_join, infiniplex_forest_join,
          infiniplex_forest_straight_4,
          dreamdust_ecumenical_altar_angels_and_demons
D:2:      layout_loops_ring, serial_shops, nicolae_shop_statue_plus
D:3:      layout_basic, overflow_temple_1_default, old_standard_altar,
          portal_sewer_entry_b, ebering_ghost_sewer_d
D:4:      layout_cave_pools, serial_shops, shop
D:5:      layout_loops_cross, nicolae_uskayaw_suspiria, nrook_mini_backslash,
          nicolae_shop_dragon_depot, minmay_misc_feat_tiny, uniq_blork_the_orc,
          uniq_sigmund
D:6:      layout_loops_ring, minmay_temple_entry_grid

Skill      XL: |  1  2  3  4  5  6  7  8 |
---------------+-------------------------+-----
Armour         | 1 2 3 4 5 |  5.7
Maces & Flails | 4 5 6 7 |  7.2
Fighting       | 4 5 |  5.9
Invocations    | 1 |  1.7
Evocations     | 1 |  1.3
Throwing       | |  1.7
Dodging        | |  2.4

Action                   |  1- 3 |  4- 6 |  7- 9 || total
-------------------------+-------+-------+-------++-------
Melee: Flail             |   180 |       |       ||   180
       Mace              |    19 |   166 |    77 ||   262
       Punch             |     3 |     3 |     1 ||     7
Throw: Throwing net      |       |     1 |       ||     1
Invok: Stomp             |       |     2 |       ||     2
  Use: Scroll            |       |     2 |     2 ||     4
       Potion            |       |       |     1 ||     1
 Stab: Sleeping          |     1 |       |       ||     1
       Paralysed         |       |     1 |     1 ||     2
       Invisible         |       |       |     2 ||     2
Armor: Leather armour    |    39 |    89 |    35 ||   163
Dodge: Dodged            |    70 |   151 |    39 ||   260
